 Dungeon Crawl Stone Soup version 0.31-a0-818-ge7c7cf74f0 (webtiles) character file.

Game seed: 4862031896182195785

576 jondrn the Conjurer (level 7, -5/33 HPs)
             Began as a Deep Elf Conjurer on Sept 20, 2023.
             Slain by a gnoll
             ... wielding a +0 halberd
              (12 damage)
             ... on level 4 of the Dungeon on Sept 23, 2023.
             The game lasted 01:14:46 (3993 turns).

jondrn the Conjurer (Deep Elf Conjurer)             Turns: 3993, Time: 01:14:49

Health: -5/33      AC:  6    Str:  4    XL:     7   Next: 13%
Magic:  21/26      EV: 13    Int: 25    God:
Gold:   181        SH:  0    Dex: 13    Spells: 15/17 levels left

rFire   x . .        h - +3 dagger (venom)
rCold   + . .        (no shield)
rNeg    . . .        a - +1 robe
rPois   .            (no helmet)
rElec   .            (no cloak)
rCorr   +            e - +1 pair of gloves
SInv    .            i - +0 pair of boots
Will    .....        (no amulet)
Stlth   ++           m - ring of magical power
HPRegen 0.25/turn    f - ring of Raley {Ice rCorr}
MPRegen 0.20/turn

%: no passive effects
@: no status effects
A: hooves 1, frail 1, inability to drink after injury 1
a: no special abilities


You were on level 4 of the Dungeon.
You visited 1 branch of the dungeon, and saw 4 of its levels.
You also visited: Sewer.

You collected 181 gold pieces.

Inventory:

Hand Weapons
 g - a +0 short sword of draining
 h - a +3 dagger of venom (weapon)
 j - a +2 sling of draining
 u - a +0 quarterstaff
Missiles
 c - 40 stones
 n - 3 boomerangs
 o - 5 poisoned darts
Armour
 a - a +1 robe (worn)
 e - a +1 pair of gloves (worn)
 i - a +0 pair of boots (worn)
Magical Staves
 d - a staff of air
Jewellery
 f - the ring of Raley (right hand) {Ice rCorr}
   (You found it on level 3 of the Dungeon)

   [ring of ice]

   Ice:       It enhances your ice magic.
   rF-:       It makes you vulnerable to fire.
   rC+:       It protects you from cold.
   rCorr:     It protects you from acid and corrosion.
 m - a ring of magical power (left hand)
 s - a ring of flight
Scrolls
 b - a scroll of teleportation
 k - a scroll of poison
 p - a scroll of brand weapon
 q - a scroll of fear {unknown}
Potions
 l - a potion of curing
 r - a potion of enlightenment


   Skills:
 + Level 0.4 Fighting
 * Level 3.2 Short Blades
 - Level 0.2 Staves
 + Level 0.7 Ranged Weapons
 + Level 3.8 Dodging
 + Level 3.2 Stealth
 + Level 5.7 Spellcasting
 + Level 6.5 Conjurations
 + Level 0.5 Summonings


You had 15 spell levels left.
You knew the following spells:

 Your Spells              Type           Power      Damage    Failure   Level
a - Magic Dart            Conj           100%       1d8       1%          1
b - Summon Small Mammal   Summ           40%        N/A       6%          1

Your spell library contained the following spells:

 Spells                   Type           Power      Damage    Failure   Level
 Searing Ray              Conj           78%        2d7       1%          2
 Momentum Strike          Conj/Tloc      46%        3d9       3%          2
 Dazzling Flash           Conj/Hex       46%        N/A       6%          3
 Blink                    Tloc           14%        N/A       12%         2
 Lesser Beckoning         Tloc           14%        N/A       12%         2
 Call Canine Familiar     Summ           10%        N/A       19%         3
 Summon Guardian Golem    Hex/Summ       8%         N/A       21%         3
 Fulminant Prism          Conj/Hex       11%        3d9       21%         4
 Iskenderun's Mystic Bla  Conj/Tloc      23%        2d6       21%         4


Dungeon Overview and Level Annotations

Branches:
Dungeon (4/15)              Sewer (visited)
 Temple: D:4-7

Altars:

Annotations:
D:4 Sigmund


Innate Abilities, Weirdness & Mutations

You have large cloven feet.
You are frail. (-10% HP)
You occasionally lose the ability to drink potions when taking damage.


Message History

The gnoll hits you with a +0 hand axe.
You hit the gnoll.
The gnoll is moderately wounded.
The gnoll closely misses you. x2
You barely miss the gnoll.
The gnoll is moderately wounded.
The gnoll closely misses you. The gnoll hits you with a +0 hand axe.
You hit the gnoll.
You kill the gnoll!
The gnoll misses you.
You hit the gnoll.
The gnoll is severely wounded.
The gnoll closely misses you.
The gnoll hits you from afar with a +0 halberd.
Casting: Magic Dart (safe; 1% risk of failure)
Confirm with . or Enter, or press ? or * to list all spells.
Aiming: Magic Dart (safe; 1% risk of failure)
Press: ? - help, Shift-Dir - straight line, f/p - gnoll
Aim: a gnoll, wielding a +0 flail (severely wounded, 100% to hit)
The magic dart hits the gnoll.
You kill the gnoll!
The gnoll barely misses you.
Casting: Magic Dart (safe; 1% risk of failure)
Confirm with . or Enter, or press ? or * to list all spells.
Aiming: Magic Dart (safe; 1% risk of failure)
Press: ? - help, Shift-Dir - straight line, f - gnoll
Aim: a gnoll, wielding a +0 halberd (100% to hit)
The magic dart hits the gnoll.
The gnoll is lightly wounded.
The gnoll hits you from afar with a +0 halberd!
* * * LOW HITPOINT WARNING * * *
Casting: Magic Dart (safe; 1% risk of failure)
Confirm with . or Enter, or press ? or * to list all spells.
Aiming: Magic Dart (safe; 1% risk of failure)
Press: ? - help, Shift-Dir - straight line, f/p - gnoll
Aim: a gnoll, wielding a +0 halberd (lightly wounded, 100% to hit)
The magic dart hits the gnoll.
The gnoll is moderately wounded.
The gnoll hits you from afar with a +0 halberd!
You die...

#............# #..........
#.......###### #..........
#####.......# #####
#.........# #..)......).#
#...# #......####
#...........# #.#.###......#
#...........####.#..........#
#.......###....†.######.....#
#.......# #####)....# #.#####
#.......# #@###.# #.#
#.......# #)## .# #.#
#.......# #g.# .. ..#
.........# ##.# #....#
##.###.### #.)# ....# .. .#
##.)'.... ..# .# ###..... ...
..


You could see a gnoll.

Vanquished Creatures
  Grinder (D:3)
  A scorpion (D:3)
  An iguana (D:4)
  2 orc wizards (D:2)
  3 gnolls (D:4)
  6 river rats (Sewer)
  4 adders
  6 worms
  3 dart slugs
  7 orcs
  8 ball pythons
  10 bats
  8 endoplasms
  8 giant cockroaches
  7 goblins
  3 hobgoblins
  11 jackals
  6 kobolds
  3 quokkas
  3 frilled lizards
  5 rats
106 creatures vanquished.

Notes
Turn   | Place    | Note
-------+----------+-------------------------------------------
     0 | D:1      | jondrn the Deep Elf Conjurer began the quest for the Orb.
     0 | D:1      | Reached XP level 1. HP: 10/10 MP: 6/6
   102 | D:1      | Reached XP level 2. HP: 6/15 MP: 4/8
   485 | D:1      | Reached skill level 5 in Conjurations
   750 | D:2      | Reached XP level 3. HP: 19/19 MP: 6/9
   762 | D:2      | Reached skill level 1 in Short Blades
  1084 | D:2      | Reached XP level 4. HP: 24/24 MP: 9/11
  1276 | D:2      | Gained mutation: You occasionally lose the ability to drink
                  | potions when taking damage. [potion of mutation]
  1276 | D:2      | Gained mutation: You are frail. (-10% HP) [potion of
                  | mutation]
  1276 | D:2      | Gained mutation: You have large cloven feet. [potion of
                  | mutation]
  1799 | D:3      | Found a glowing drain.
  1809 | Sewer    | Entered a sewer
  1840 | Sewer    | Upgraded the game from 0.31-a0-799-g6bc09d010c to
                  | 0.31-a0-818-ge7c7cf74f0
  1896 | Sewer    | Reached XP level 5. HP: 25/25 MP: 10/12
  1965 | Sewer    | Reached skill level 6 in Conjurations
  2889 | D:3      | Identified the ring of Raley {Ice rCorr}
  2900 | D:3      | Learned a level 1 spell: Summon Small Mammal
  3015 | D:3      | Noticed Grinder
  3031 | D:3      | Killed Grinder
  3032 | D:3      | Reached skill level 5 in Spellcasting
  3032 | D:3      | Reached XP level 6. HP: 27/28 MP: 11/16
  3812 | D:4      | Reached XP level 7. HP: 25/33 MP: 17/17
  3845 | D:4      | Noticed Sigmund
  3993 | D:4      | Slain by a gnoll

Illustrated notes

Levels and vault maps discovered:
D:1:      minmay_arrival_four_circles, layout_basic
D:2:      layout_loops_corners
D:3:      layout_loops_cross, serial_co_window_serial, co_window_paths_a,
          co_window_paths_b, co_window_corner_a, co_window_of_opportunity_a,
          co_window_corner_a, co_window_broadway_a, co_window_broadway_c,
          co_window_paths_c, co_window_2corner, co_window_paths_d,
          co_window_4corner_a, glass_columns_b, glass_columns_c,
          glass_columns_b, glass_columns_b, glass_columns_a,
          cheibrodos_sewer_entry_bend, uniq_grinder
D:4:      layout_basic, nicolae_hepliaklqana_monster_ancestors,
          minmay_temple_entry_arrows, gammafunk_ghost_grave, uniq_sigmund

Skill      XL: |  1  2  3  4  5  6 |
---------------+-------------------+-----
Conjurations   | 5 6 |  6.5
Short Blades   | 1 2 3 |  3.2
Spellcasting   | 5 |  5.7
Dodging        | 3 |  3.8
Stealth        | 3 |  3.2
Fighting       | |  0.4
Staves         | |  0.2
Ranged Weapons | |  0.7
Summonings     | |  0.5

Action                     |  1- 3 |  4- 6 |  7- 9 || total
---------------------------+-------+-------+-------++-------
  Melee: Staff             |     5 |       |       ||     5
         Punch             |     1 |     1 |       ||     2
         Dagger            |    21 |    36 |    14 ||    71
   Fire: Sling             |       |    10 |    12 ||    22
  Throw: Stone             |       |     1 |       ||     1
   Cast: Magic Dart        |    57 |   143 |    16 ||   216
         Summon Small Mamm |       |     9 |       ||     9
    Use: Potion            |     1 |    10 |       ||    11
         Scroll            |     1 |     9 |     1 ||    11
 Armour: Robe              |    22 |    50 |    26 ||    98
  Dodge: Dodged            |    27 |    71 |    29 ||   127

Table legend: (Time is in decaauts)
 A = Elapsed time spent in this place.
 B = Non-inter-level travel time spent in this place.
 C = Inter-level travel time spent in this place.
 D = Time resting spent in this place.
 E = Time spent auto-exploring this place.
 F = Levels seen in this place.
 G = Mean time per level.
                   A        B        C        D        E       F      G
               +--------+--------+--------+--------+--------+-----+--------+
         Total |   4227 |   2637 |   1590 |     38 |      0 |   5 |  845.4 |
       Dungeon |   3176 |   1586 |   1590 |     38 |      0 |   4 |  794.0 |
         Sewer |   1051 |   1051 |      0 |      0 |      0 |   1 | 1051.0 |
               +--------+--------+--------+--------+--------+-----+--------+

Top non-repeatable levels by time:
     D:3: 1224 daAuts
   Sewer: 1051 daAuts
     D:2: 967 daAuts
     D:1: 761 daAuts
     D:4: 223 daAuts
